 Dungeon Crawl Stone Soup version 0.25-a0-834-g55863b0b92 (webtiles) character file.

Game seed: 13711647603393670749, levelgen mode: classic

92 Amnesiac the Covered (level 4, 0/28 HPs)
             Began as a Deep Elf Fighter on Apr 22, 2020.
             Succumbed to an adder's poison
             ... on level 2 of the Dungeon.
             The game lasted 00:02:13 (936 turns).

Amnesiac the Covered (Deep Elf Fighter)              Turns: 936, Time: 00:02:14

Health: 0/28       AC:  6    Str: 14    XL:     4   Next: 35%
Magic:  6/6        EV:  8    Int: 13    God:
Gold:   11         SH:  8    Dex: 14    Spells: 3/3 levels left

rFire    . . .     SeeInvis .   a - +0 long sword
rCold    . . .     Gourm    .   c - +0 kite shield
rNeg     . . .     Faith    .   e - +0 scale mail
rPois    .         Spirit   .   (no helmet)
rElec    .         Reflect  .   (no cloak)
rCorr    .         Harm     .   (no gloves)
MR       .....                  (no boots)
Stlth    ..........             (no amulet)
HPRegen  0.09/turn              (no ring)
MPRegen  0.10/turn              (no ring)

@: lethally poisoned (0 -> -15)
A: no striking features
a: no special abilities


You were on level 2 of the Dungeon.
You were not hungry.

You visited 1 branch of the dungeon, and saw 2 of its levels.

You collected 11 gold pieces.

Inventory:

Hand Weapons
 a - a +0 long sword (weapon)
 b - a +3 dagger
Armour
 c - a +0 kite shield (worn)
 e - a +0 scale mail (worn)
Scrolls
 h - a scroll of identify {!r, unknown}
 j - a scroll of remove curse {!r, unknown}
 k - a scroll of amnesia {!r, unknown}
Comestibles
 d - 4 chunks of flesh
 f - a ration


   Skills:
 * Level 3.0 Fighting
 + Level 2.0 Long Blades
 * Level 3.0 Armour
 + Level 3.0 Dodging
 - Level 2.4 Shields


You had 3 spell levels left.
You didn't know any spells.
Your spell library was empty.

Dungeon Overview and Level Annotations

Branches:
Dungeon (2/15)

Altars:


Message History

You block the adder's attack. The adder closely misses you.
You riposte.
You closely miss the adder.
The adder is severely wounded.
You miss the adder.
The adder is severely wounded.
You feel sick. You block the adder's attack. The adder closely misses you.
You riposte.
Your shield and scale mail prevent you from hitting the adder.
The adder is severely wounded.
You miss the adder.
The adder is severely wounded.
You feel sick. The adder bites you.
You are more poisoned.
The adder poisons you!
You miss the adder.
The adder is severely wounded.
You feel sick. The adder bites you.
* * * LOW HITPOINT WARNING * * *
You are lethally poisoned!
The adder poisons you! The adder bites you.
* * * LOW HITPOINT WARNING * * *
You closely miss the adder.
The adder is severely wounded.
* * * LOW HITPOINT WARNING * * *
You feel sick. The adder bites you.
* * * LOW HITPOINT WARNING * * *
You block the adder's attack.
You hit the adder.
The adder is severely wounded.
* * * LOW HITPOINT WARNING * * *
You feel sick. The adder bites you but does no damage. The adder bites you.
* * * LOW HITPOINT WARNING * * *
You are more poisoned.
The adder poisons you!
You are too injured to fight recklessly!
You are too injured to fight recklessly!
You are too injured to fight recklessly!
You are too injured to fight recklessly!
You are too injured to fight recklessly!
You are too injured to fight recklessly!
You are too injured to fight recklessly!
You are too injured to fight recklessly!
You are too injured to fight recklessly!
You are too injured to fight recklessly!
You are too injured to fight recklessly!
You are too injured to fight recklessly!
You are too injured to fight recklessly!
You are too injured to fight recklessly!
You are too injured to fight recklessly!
You are too injured to fight recklessly!
You are too injured to fight recklessly!
You are too injured to fight recklessly!
You are too injured to fight recklessly!
You closely miss the adder.
The adder is severely wounded.
* * * LOW HITPOINT WARNING * * *
You feel sick.
The adder bites you but does no damage. x2
You aren't carrying any potions.
You aren't carrying any potions.
You aren't carrying any potions.
You slash the adder!
You kill the adder!
Your Fighting skill increases to level 3!
You die...

#.# ### #.# #<.
#.########### ##
#............
.#.############# .#.#
#.........
.#.####.########
.########.#.##.....#
.......>@.#.##.#.#.#
..#......#.##.#.#.# #.
#......#.##...#.#
#.#......#.######.######
#........#..............
#........###..).#.######
#...##.### #.##.#....# #
#.#. #.#####.##.####.# #
#># #.......##.)..#.# #


There were no monsters in sight!

Vanquished Creatures
  2 orc wizards (D:2)
  3 adders (D:2)
  An orc (D:2)
  A goblin (D:2)
  4 jackals (D:1)
  A quokka (D:2)
  A bat (D:1)
  A frilled lizard (D:2)
  A rat (D:2)
15 creatures vanquished.

Notes
Turn   | Place    | Note
-------+----------+-------------------------------------------
     0 | D:1      | Amnesiac the Deep Elf Fighter began the quest for the Orb.
     0 | D:1      | Reached XP level 1. HP: 13/13 MP: 3/3
    25 | D:1      | Reached skill level 1 in Dodging
   114 | D:2      | Reached XP level 2. HP: 13/18 MP: 4/4
   395 | D:2      | Reached XP level 3. HP: 5/22 MP: 5/5
   649 | D:2      | Reached XP level 4. HP: 14/27 MP: 6/6
   935 | D:2      | HP: 1/27 [poisoned by an adder]
   936 | D:2      | Succumbed to an adder's poison

Levels and vault maps discovered:
D:1:      minmay_arrival_five_plusses, layout_loops_ring, item_on_display_b
D:2:      layout_basic

Skill      XL: |  1  2  3  4 |
---------------+-------------+-----
Dodging        | 2 3 |  3.0
Long Blades    | 2 |  2.0
Armour         | 3 |  3.0
Fighting       | 3 |  3.0
Shields        | |  2.4

Action                   |  1- 3 |  4- 6 || total
-------------------------+-------+-------++-------
Melee: Dagger            |    39 |       ||    39
       Long sword        |    32 |    28 ||    60
  Use: Potion            |     2 |       ||     2
Armor: Scale mail        |    35 |    15 ||    50
Dodge: Dodged            |    11 |    10 ||    21
Block: Kite shield       |    33 |     8 ||    41
       Rpst.: Long sword |     2 |     3 ||     5

Table legend:
 A = Non-vault XP
 B = Vault XP
 C = Vault XP percentage of total XP
 D = Non-vault monster count
 E = Vault monster count
 F = Vault count percentage of total count
                 A         B        C        D         E       F
            +---------+---------+-------+---------+---------+-------
      Total |     132 |       0 |   0.0 |      15 |       0 |   0.0
            +---------+---------+-------+---------+---------+-------
        D:1 |       9 |       0 |   0.0 |       5 |       0 |   0.0
        D:2 |     123 |       0 |   0.0 |      10 |       0 |   0.0
            +---------+---------+-------+---------+---------+-------
